 Dungeon Crawl Stone Soup version 0.32-a0-933-ga8fa3634e4 (webtiles) character file.

Game seed: 12877069391098111804

9256 bananaken the Geomancer (level 11, -7/54 HPs)
             Began as a Gargoyle Earth Elementalist on Apr 14, 2024.
             Was a Believer of Vehumet.
             Mangled by a jiangshi (16 damage)
             ... led by a vampire mage
             ... on level 3 of the Abyss.
             The game lasted 00:34:37 (8082 turns).

bananaken the Geomancer (GrEE)                      Turns: 8082, Time: 00:34:38

Health: -7/54      AC: 21    Str:  9 (12) XL:     11   Next: 43%
Magic:  17/17      EV: 18    Int: 18 (20) God:    Vehumet [**....]
Gold:   1046       SH:  4    Dex: 13 (16) Spells: 8/18 levels left

rFire   + . .        d - +2 rapier (distort)
rCold   . . .        (no shield)
rNeg    + . .        M - +0 steam dragon scales
rPois   ∞            O - +2 hat {Will+}
rElec   +            m - +0 cloak
rCorr   .            i - +2 pair of gloves of Tejouph {Dex+6}
SInv    .            u - +1 pair of boots
Will    +....        a - amulet of faith
Stlth   ++           q - +5 ring of evasion
HPRegen 0.29/turn    t - ring of protection from fire
MPRegen 0.15/turn

%: faith
@: attractive
A: sickness immunity, AC +8, negative energy resistance 1, electricity
resistance, torment resistance 1, petrification resistance, claws 1, large bone
plates 1, frail 1
a: Renounce Religion


You were on level 3 of the Abyss.
You worshipped Vehumet.
Vehumet was pleased with you.
You visited 2 branches of the dungeon, and saw 10 of its levels.
You visited the Abyss 2 times.

You collected 1109 gold pieces.
You spent 63 gold pieces at shops.

Inventory:

Hand Weapons
 d - a +2 rapier of distortion (weapon)
 h - the +6 shillelagh "Devastator" {shatter}
   (You found it on level 6 of the Dungeon)
Missiles
 c - 22 poisoned darts (quivered)
 y - 6 datura-tipped darts
 H - a throwing net
Armour
 i - the +2 pair of gloves of Tejouph (worn) {Dex+6}
   (You acquired it on level 9 of the Dungeon)

   Dex+6:     It affects your dexterity (+6).
 m - a +0 cloak (worn)
 u - a +1 pair of boots (worn)
 I - a +0 hat of see invisible
 M - +0 steam dragon scales (worn)
 O - a +2 hat of willpower (worn)
Magical Staves
 Q - a staff of conjuration
Jewellery
 a - an amulet of faith (around neck)
 q - a +5 ring of evasion (left hand)
 t - a ring of protection from fire (right hand)
 E - a +6 ring of intelligence
Wands
 l - a wand of polymorph (12)
 o - a wand of flame (35)
 A - a wand of iceblast (2)
 J - a wand of charming (10)
Scrolls
 e - a scroll of identify
 w - a scroll of silence
 B - a scroll of acquirement
 F - a scroll of vulnerability
 L - a scroll of blinking {unknown}
 N - a scroll of immolation
 P - a scroll of revelation {unknown}
 S - a scroll of fog
Potions
 g - 2 potions of curing
 k - 2 potions of mutation
 n - 2 potions of lignification
 p - a potion of enlightenment {unknown}
 r - 2 potions of cancellation
 x - 4 potions of brilliance
 R - a potion of might {unknown}


   Skills:
 - Level 4.2 Fighting
 - Level 6.0 Short Blades
 + Level 1.3 Maces & Flails
 - Level 2.4 Throwing
 + Level 5.1 Dodging
 - Level 2.1 Stealth
 - Level 4.0 Spellcasting
 + Level 8.8 Conjurations
 + Level 10.1 Earth Magic
 + Level 4.2 Alchemy
 + Level 5.0 Evocations


You had 8 spell levels left.
You knew the following spells:

 Your Spells              Type           Power      Damage    Failure   Level
b - Stone Arrow           Conj/Erth      74%        3d11      1%          3
c - Petrify               Alch/Erth      29%        N/A       8%          4
d - Mephitic Cloud        Conj/Alch/Air  19%        N/A       8%          3

Your spell library contained the following spells:

 Spells                   Type           Power      Damage    Failure   Level
 Freeze                   Ice            12%        1d3       14%         1
 Sandblast                Erth           80%        2d17      1%          1
 Passwall                 Erth           40%        N/A       1%          3
 Brom's Barrelling Bould  Conj/Erth      37%        2d6       3%          4
 Dazzling Flash           Conj/Hex       38%        N/A       7%          3
 Slow                     Hex            12%        N/A       14%         1
 Confusing Touch          Hex            3%         N/A       41%         3
 Vampiric Draining        Necr           3%         2d6       41%         3
 Curse of Agony           Necr           3%         N/A       99%         5
 Silence                  Hex/Air        1%         N/A       99%         5


Dungeon Overview and Level Annotations

Branches:
Dungeon (9/15)             Temple (1/1) D:4            Lair (0/5) D:8
    Orc: D:9-12

Altars:
Ashenzari
Cheibriados
Dithmenos
Elyvilon
Fedhas
Hepliaklqana
Kikubaaqudgha
Makhleb
Nemelex Xobeh
Okawaru
Qazlal
Sif Muna
Trog
Uskayaw
Vehumet
Wu Jian
Yredelemnul
The Shining One

Shops:
D:2 [


Innate Abilities, Weirdness & Mutations

You are immune to sickness and miasma.
Your stone body is resilient. (AC +8)
You are immune to poison.
You resist negative energy. (rN+)
You are resistant to electric shocks. (rElec)
You are resistant to unholy torment.
You are immune to petrification.
You have sharp fingernails.
You are partially covered in large bone plates. (SH +4)
You are frail. (-10% HP)


Message History

Your Maces & Flails skill increases to level 1!
Your Evocations skill increases to level 5!
You feel better. Magic courses through your body.
As you read the scroll of identify, it crumbles to dust.
w - a scroll of silence
As you read the scroll of identify, it crumbles to dust.
x - 4 potions of brilliance
As you read the scroll of identify, it crumbles to dust.
n - 2 potions of lignification
As you read the scroll of identify, it crumbles to dust.
r - 2 potions of cancellation
As you read the scroll labelled XAALIKUHAO, it crumbles to dust.
It is a scroll of brand weapon.
Okay, then.
As you read the scroll labelled XAWUHUSUUMM, it crumbles to dust.
You hear a loud clanging noise!
It was a scroll of noise.
You hear a chilling moan.
You hear a shout!
As you read the scroll labelled KODOCK DIPYXIFF, it crumbles to dust.
Your body is wracked with pain!
* * * LOW HITPOINT WARNING * * *
It was a scroll of torment.
As you read the scroll labelled FIOGEF COGA, it crumbles to dust.
It is a scroll of enchant armour.
Your +0 pair of boots glows green for a moment.
It was a potion of attraction.
You feel attractive to monsters.
A jiangshi comes into view.
A starcursed mass comes into view.
The jiangshi is attracted toward you.
The starcursed mass is attracted toward you.
Unknown command.
It was a potion of degeneration.
There was something very wrong with that liquid.
You feel weakened.
You feel dopey.
You feel clumsy. The jiangshi claws you!
* * * LOW HITPOINT WARNING * * *
The jiangshi claws you but does no damage.
The jiangshi claws you!
You die...

### # #.. ##
#..###..##
#....#..#
#.§##X#.#
#.#V#§..§#
#...@##....#
###### . ##.
. ... ...
....# ....#


You could see a starcursed mass (wandering) and a jiangshi.

Vanquished Creatures
  Gastronok (D:8)
  A very ugly thing (Abyss:3)
  Amaemon (D:8)
  An elephant (D:8)
  A rust devil (D:9)
  An orange demon (D:8)
  A smoke demon (D:9)
  A hellwing (D:9)
  A blink frog (Abyss:1)
  Prince Ribbit (D:9)
  2 raiju (Abyss:3)
  A wyvern (D:7)
  Eustachio (D:4)
  A basilisk (D:8)
  A steam dragon (D:8)
  2 water moccasins
  2 black bears (D:8)
  A small abomination (Abyss:3)
  A phantom (D:7)
  2 centaurs (D:8)
  2 bullfrogs
  A kobold brigand (D:9)
  Blork the orc (D:5)
  4 scorpions
  8 wights (D:6)
  6 killer bees (D:9)
  2 bombardier beetles
  2 orc priests (D:6)
  3 hounds
  A jelly (D:5)
  2 sleepcaps
  A gnoll bouda (D:6)
  2 iguanas
  Ijyb (D:5)
  Robin (D:4)
  10 gnolls
  7 adders
  2 shadow imps (D:8)
  2 ufetubi (D:5)
  A dart slug (D:3)
  17 orcs
  8 endoplasms
  4 giant cockroaches
  16 goblins
  5 hobgoblins
  7 jackals
  8 kobolds
  5 quokkas
  4 ball pythons
  4 bats
  5 rats
166 creatures vanquished.

Notes
Turn   | Place    | Note
-------+----------+-------------------------------------------
     0 | D:1      | bananaken the Gargoyle Earth Elementalist began the quest
                  | for the Orb.
     0 | D:1      | Reached XP level 1. HP: 10/10 MP: 3/3
   164 | D:1      | Reached skill level 1 in Fighting
   350 | D:1      | Reached XP level 2. HP: 16/16 MP: 5/5
   772 | D:2      | Reached skill level 4 in Earth Magic
   772 | D:2      | Reached XP level 3. HP: 21/21 MP: 3/6
   776 | D:2      | Learned a level 3 spell: Stone Arrow
  1165 | D:2      | Found a faded altar of an unknown god.
  1181 | D:2      | Found Jaules's Armour Boutique.
  1189 | D:2      | Bought a +0 helmet for 63 gold pieces
  1554 | D:3      | Reached XP level 4. HP: 27/27 MP: 7/7
  2145 | D:3      | Found a sparkling altar of Nemelex Xobeh.
  2319 | D:4      | Reached XP level 5. HP: 31/31 MP: 0/8
  2394 | D:4      | Noticed Robin
  2532 | D:4      | Reached skill level 1 in Throwing
  2576 | D:4      | Killed Robin
  2669 | D:4      | Found a snail-covered altar of Cheibriados.
  2695 | D:4      | Noticed Eustachio
  2698 | Abyss:1  | Cast into level 1 of the Abyss (Eustachio)
  2756 | Abyss:1  | Found a corrupted altar of Lugonu.
  2758 | Abyss:1  | Found a corrupted altar of Lugonu.
  2758 | Abyss:1  | Found a corrupted altar of Lugonu.
  2769 | Abyss:1  | Noticed a deep elf sorcerer
  2813 | Abyss:1  | Noticed a blink frog
  2817 | Abyss:1  | Gained mutation: You are frail. (-10% HP) [potion of
                  | mutation]
  2817 | Abyss:1  | Gained mutation: You have sharp fingernails. [potion of
                  | mutation]
  2817 | Abyss:1  | Gained mutation: You are partially covered in large bone
                  | plates. (SH +4) [potion of mutation]
  2834 | Abyss:1  | Noticed a chaos spawn
  2840 | Abyss:1  | Killed a blink frog
  2841 | Abyss:1  | Reached skill level 5 in Earth Magic
  2841 | Abyss:1  | Reached XP level 6. HP: 15/34 MP: 6/9
  2843 | D:4      | Escaped the Abyss
  2849 | D:4      | Killed Eustachio
  2850 | D:4      | Reached XP level 7. HP: 31/38 MP: 7/10
  3087 | D:4      | Found a staircase to the Ecumenical Temple.
  3179 | Temple   | Entered the Ecumenical Temple
  3192 | Temple   | Became a worshipper of Vehumet
  3271 | D:5      | Entered Level 5 of the Dungeon
  3281 | D:5      | Reached skill level 1 in Short Blades
  3281 | D:5      | Reached skill level 6 in Earth Magic
  3329 | D:5      | Noticed Blork the orc
  3350 | D:5      | Killed Blork the orc
  3409 | D:5      | Noticed Ijyb
  3436 | D:5      | Killed Ijyb
  3437 | D:5      | Reached XP level 8. HP: 17/43 MP: 12/12
  3438 | D:5      | Reached skill level 5 in Conjurations
  4017 | D:6      | Reached skill level 7 in Earth Magic
  4114 | D:6      | Found the +6 shillelagh "Devastator" {shatter}
  4229 | D:6      | Found an iron altar of Okawaru.
  4389 | D:6      | Reached * piety under Vehumet
  4389 | D:6      | Offered knowledge of Kiss of Death by Vehumet.
  4416 | D:6      | Banished an unseen horror
  4417 | D:6      | Reached skill level 1 in Evocations
  4417 | D:6      | Reached XP level 9. HP: 24/46 MP: 13/15
  4672 | D:6      | Learned a level 4 spell: Petrify
  5440 | D:7      | Found a broken altar of Ashenzari.
  5451 | D:7      | Reached skill level 8 in Earth Magic
  5451 | D:7      | Reached skill level 1 in Alchemy
  5840 | D:8      | Noticed Amaemon
  5840 | D:8      | Noticed an orange demon
  5840 | D:8      | Noticed an elephant
  5853 | D:8      | Killed Amaemon
  5854 | D:8      | Reached XP level 10. HP: 51/51 MP: 3/16
  5957 | D:8      | Found a staircase to the Lair.
  6198 | D:8      | Noticed Gastronok
  6211 | D:8      | Killed Gastronok
  6212 | D:8      | Reached skill level 5 in Short Blades
  6212 | D:8      | Reached skill level 9 in Earth Magic
  6278 | D:8      | Killed an orange demon
  6657 | D:8      | Killed an elephant
  6809 | D:9      | Offered knowledge of Freeze by Vehumet.
  6904 | D:9      | Noticed Prince Ribbit
  6917 | D:9      | Killed Prince Ribbit
  6923 | D:9      | Reached ** piety under Vehumet
  7015 | D:9      | Reached XP level 11. HP: 54/54 MP: 17/17
  7170 | D:9      | Noticed a two-headed ogre
  7329 | D:9      | Learned a level 3 spell: Mephitic Cloud
  7385 | D:9      | Banished a two-headed ogre
  7865 | D:9      | Identified 3 scrolls of acquirement
  7865 | D:9      | Acquired 699 gold pieces
  7870 | D:9      | Acquired the +2 pair of gloves of Tejouph {Dex+6}
  7974 | Abyss:3  | Cast into level 3 of the Abyss (unwielding a weapon of
                  | distortion)
  7975 | Abyss:3  | Found a corrupted altar of Lugonu.
  7978 | Abyss:3  | Found a corrupted altar of Lugonu.
  7985 | Abyss:3  | Found a corrupted altar of Lugonu.
  8034 | Abyss:3  | Reached skill level 5 in Dodging
  8034 | Abyss:3  | Reached skill level 10 in Earth Magic
  8036 | Abyss:3  | Noticed an eidolon
  8045 | Abyss:3  | Noticed a jiangshi
  8049 | Abyss:3  | Noticed a green very ugly thing
  8070 | Abyss:3  | Killed a green very ugly thing
  8071 | Abyss:3  | Reached skill level 1 in Maces & Flails
  8071 | Abyss:3  | Reached skill level 5 in Evocations
  8081 | Abyss:3  | Noticed a jiangshi
  8081 | Abyss:3  | Noticed a starcursed mass
  8082 | Abyss:3  | Mangled by a jiangshi

Illustrated notes

Levels and vault maps discovered:
D:1:      wander_arrival_abandoned_jail, layout_loops_ring
D:2:      layout_rooms, dreamdust_ecumenical_altar_statues, serial_corexii_hall,
          corexii_hall_statues_l, corexii_hall_statues_x,
          corexii_hall_statues_x, serial_shops, shop, kennysheep_pointless_box
D:3:      layout_basic, nemelex_dance_club_becter, minmay_strange_pillars,
          chequers_avenue
D:4:      layout_basic, general_overflow_altar,
          minmay_temple_entry_drinking_statues, uniq_robin, uniq_eustachio
D:5:      layout_cave_pools, uniq_ijyb, uniq_blork_the_orc
D:6:      layout_basic, nicolae_overflow_crystal_walls, serial_co_window_serial,
          co_window_corner_a, co_window_paths_a, co_window_cross_1,
          co_window_paths_a, co_window_cross_1, co_window_2corner,
          co_window_of_opportunity_b, co_window_corner_b, co_window_broadway_a,
          co_window_2corner, co_window_of_opportunity_c
D:7:      layout_rooms, cheibrodos_ashenzari_chains, grunt_ministairs_9
D:8:      layout_rooms, david_lair_generic, uniq_gastronok, uniq_amaemon
D:9:      layout_cave_pools, serial_glass, glass_columns_a, glass_columns_b,
          nicolae_where_there's_smoke, uniq_prince_ribbit1
Temple:   zaba_magenta_temple
Abyss:3:  base: D:8, hangedman_abyss_sting

Skill      XL: |  1  2  3  4  5  6  7  8  9 10 11 |
---------------+----------------------------------+-----
Fighting       | 1 2 3 4 |  4.2
Earth Magic    | 4 5 6 7 8 9 10 | 10.1
Conjurations   | 2 3 4 6 7 8 |  8.8
Throwing       | 2 |  2.4
Short Blades   | 1 3 4 5 6 |  6.0
Spellcasting   | 4 |  4.0
Dodging        | 2 3 4 5 |  5.1
Evocations     | 1 3 4 5 |  5.0
Alchemy        | 2 3 4 |  4.2
Maces & Flails | 1 |  1.3
Stealth        | |  2.1

Action                     |  1- 3 |  4- 6 |  7- 9 | 10-12 || total
---------------------------+-------+-------+-------+-------++-------
  Melee: Short sword       |    53 |    65 |       |       ||   118
         Rapier            |       |       |   229 |   119 ||   348
         Unarmed           |       |       |     7 |       ||     7
         Shillelagh        |       |       |       |    14 ||    14
  Throw: Dart              |       |     4 |       |     2 ||     6
   Cast: Sandblast         |    25 |    29 |       |     1 ||    55
         Stone Arrow       |       |       |    11 |    43 ||    54
         Petrify           |       |       |       |     4 ||     4
         Mephitic Cloud    |       |       |       |     1 ||     1
  Evoke: Wand              |       |    12 |     8 |    10 ||    30
    Use: Scroll            |       |     6 |     1 |    15 ||    22
         Potion            |       |     3 |     3 |     5 ||    11
   Stab: Sleeping          |     3 |     5 |     7 |       ||    15
         Confused          |       |       |     1 |       ||     1
         Petrified         |       |       |       |     6 ||     6
 Armour: Robe              |    34 |    32 |   130 |       ||   196
         Steam dragon scal |       |       |       |   100 ||   100
  Dodge: Dodged            |    39 |    53 |   176 |   163 ||   431
  Block: Other             |       |       |    33 |    25 ||    58

Table legend: (Time is in decaauts)
 A = Elapsed time spent in this place.
 B = Non-inter-level travel time spent in this place.
 C = Inter-level travel time spent in this place.
 D = Time resting spent in this place.
 E = Time spent auto-exploring this place.
 F = Levels seen in this place.
 G = Mean time per level.
                   A        B        C        D        E       F      G
               +--------+--------+--------+--------+--------+-----+--------+
         Total |   8119 |   7738 |    381 |   1156 |   4771 |  12 |  676.6 |
       Dungeon |   7837 |   7480 |    357 |   1156 |   4651 |   9 |  870.8 |
        Temple |     26 |      2 |     24 |      0 |      0 |   1 |   26.0 |
         Abyss |    255 |    255 |      0 |      0 |    120 |   2 |  127.5 |
               +--------+--------+--------+--------+--------+-----+--------+

Top non-repeatable levels by time:
     D:6: 1435 daAuts
     D:8: 1165 daAuts
     D:9: 908 daAuts
     D:4: 849 daAuts
     D:3: 803 daAuts
     D:1: 756 daAuts
     D:2: 717 daAuts
     D:5: 684 daAuts
     D:7: 516 daAuts
 Abyss:1: 146 daAuts
 Abyss:3: 109 daAuts
  Temple: 26 daAuts
